TOP OF THE 1ST |
York Revolution batting - Pitching for Windy City ThunderBolts : RHP Chang-wei Quian
|
Pitching: RHP Chang-wei Quian
|
|
Batting: RHB Eddie Serna
|
0-0: Foul Ball, location: 2F 0-1: Swinging Strike 0-2: Strikes out swinging
|
Batting: LHB Dennis French
|
0-0: Foul Ball, location: 2F 0-1: Called Strike 0-2: Foul Ball, location: 2F 0-2: Ball 1-2: Ball 2-2: Ball 3-2: Base on Balls
|
Batting: LHB Mike Hawk
|
0-0: Ball 1-0: Foul Ball, location: 2F 1-1: Called Strike 1-2: Foul Ball, location: 2F 1-2: Strikes out looking
|
Batting: LHB Jean-Claude Vanbiesbrouck
|
0-0: Ball 1-0: Ball 2-0: Foul Ball, location: 2F 2-1: Foul Ball, location: 2F 2-2: DOUBLE (Flyball, 7LD, EV 102.5 MPH) Dennis French to third
|
Batting: LHB Jason Duda
|
0-0: Ball 1-0: Ball 2-0: Ball 3-0: Base on Balls
|
Batting: LHB Ryan Young
|
0-0: GRAND SLAM HOME RUN (Flyball, 89XD, EV 108.1 MPH), Distance : 424 ft
|
Batting: RHB Dan Shaffer
|
0-0: Ball 1-0: Called Strike 1-1: Foul Ball, location: 2F 1-2: Strikes out swinging
|
Top of the 1st over - 4 runs, 2 hits, 0 errors, 0 left on base; York 4 - Windy City 0 |
BOTTOM OF THE 1ST |
Windy City ThunderBolts batting - Pitching for York Revolution : RHP Jordan Lopez
|
Pitching: RHP Jordan Lopez
|
|
Batting: RHB Dave Dominguez
|
0-0: Ball 1-0: Swinging Strike 1-1: Ball 2-1: Ground out 5-3 (Groundball, 56S, EV 86.2 MPH)
|
Batting: RHB Eddie Dimas
|
0-0: Called Strike 0-1: Fly out, F8 (Flyball, 78D, EV 88.1 MPH)
|
Batting: SHB Danny Gallegos
|
0-0: SINGLE (Groundball, 4MD, EV 101.9 MPH)
|
Batting: RHB Kaoru Hamada
|
0-0: Fly out, F4 (Popup, 34D, EV 53.8 MPH)
|
Bottom of the 1st over - 0 runs, 1 hit, 0 errors, 1 left on base; York 4 - Windy City 0 |
TOP OF THE 2ND |
York Revolution batting - Pitching for Windy City ThunderBolts : RHP Chang-wei Quian
|
Batting: LHB Quincy Smart
|
0-0: Ball 1-0: Called Strike 1-1: Ball 2-1: Foul Ball, location: 2F 2-2: Fly out, F8 (Flyball, 8RD, EV 106.2 MPH)
|
Batting: RHB Jose Hurtado
|
0-0: Ball 1-0: Called Strike 1-1: Foul Ball, location: 2F 1-2: Ball 2-2: Strikes out looking
|
Batting: RHB Eddie Serna
|
0-0: Foul Ball, location: 2F 0-1: Swinging Strike 0-2: Strikes out looking
|
Top of the 2nd over - 0 runs, 0 hits, 0 errors, 0 left on base; York 4 - Windy City 0 |
BOTTOM OF THE 2ND |
Windy City ThunderBolts batting - Pitching for York Revolution : RHP Jordan Lopez
|
Batting: RHB Nhat Phong
|
0-0: Called Strike 0-1: Foul Ball, location: 2F 0-2: Foul Ball, location: 2F 0-2: Ground out 6-3 (Groundball, 6, EV 86.2 MPH)
|
Batting: RHB Paul Holland
|
0-0: Foul Ball, location: 2F 0-1: Fly out, F7 (Flyball, 7LS, EV 81.2 MPH)
|
Batting: RHB Ricky Avila
|
0-0: Ball 1-0: Swinging Strike 1-1: Foul Ball, location: 2F 1-2: Hit by Pitch
|
Batting: RHB Klaus Brown
|
0-0: Ball 1-0: Ball 2-0: Ball 3-0: Base on Balls Ricky Avila to second
|
Batting: RHB Sim Damit
|
0-0: SINGLE (Line Drive, 7S, EV 93.1 MPH) Ricky Avila to third Klaus Brown to second Runner from 3rd tries for Home, SAFE, throw by LF to home
|
Batting: RHB Dave Dominguez
|
0-0: Swinging Strike 0-1: Ball 1-1: Called Strike 1-2: Foul Ball, location: 2F 1-2: DOUBLE (Flyball, 8LD, EV 93.1 MPH) Klaus Brown scores Sim Damit to third Runner from 3rd tries for Home, SAFE, no throw by CF
|
Pinch Runner at 2nd Miguel Pacheco:
|
|
Batting: RHB Eddie Dimas
|
0-0: Ball 1-0: Called Strike 1-1: Called Strike 1-2: Fly out, F9 (Flyball, 9S, EV 88.8 MPH)
|
Bottom of the 2nd over - 3 runs, 2 hits, 0 errors, 1 left on base; York 4 - Windy City 3 |
TOP OF THE 3RD |
York Revolution batting - Pitching for Windy City ThunderBolts : RHP Chang-wei Quian
|
Now in RF: Miguel Pacheco
|
|
Batting: LHB Dennis French
|
0-0: SINGLE (Line Drive, 4D, EV 96.9 MPH)
|
Batting: LHB Mike Hawk
|
0-0: Called Strike 0-1: Called Strike 0-2: Ball 1-2: Ball 2-2: Strikes out swinging
|
Batting: LHB Jean-Claude Vanbiesbrouck
|
0-0: Swinging Strike 0-1: Ball 1-1: Ball 2-1: Ball Dennis French steals 2nd base 3-1: Swinging Strike 3-2: Base on Balls
|
Batting: LHB Jason Duda
|
0-0: Called Strike 0-1: Ball 1-1: Ball 2-1: Fielders Choice at 2nd, 3-6 (Groundball, 34, EV 80.6 MPH) Dennis French to third
|
Batting: LHB Ryan Young
|
0-0: Ball 1-0: Ball 2-0: Swinging Strike 2-1: Ball 3-1: Base on Balls Jason Duda to second
|
Batting: RHB Dan Shaffer
|
0-0: Fly out, F3 (Popup, 3F, EV 59.4 MPH)
|
Top of the 3rd over - 0 runs, 1 hit, 0 errors, 3 left on base; York 4 - Windy City 3 |
BOTTOM OF THE 3RD |
Windy City ThunderBolts batting - Pitching for York Revolution : RHP Jordan Lopez
|
Batting: SHB Danny Gallegos
|
0-0: Called Strike 0-1: Ball 1-1: Swinging Strike 1-2: Foul Ball, location: 2F 1-2: Strikes out swinging
|
Batting: RHB Kaoru Hamada
|
0-0: Ball 1-0: Called Strike 1-1: Ball 2-1: Ball 3-1: Foul Ball, location: 2F 3-2: Fly out, F8 (Line Drive, 8LD, EV 91.2 MPH)
|
Batting: RHB Nhat Phong
|
0-0: Called Strike 0-1: Ball 1-1: Swinging Strike 1-2: Strikes out swinging
|
Bottom of the 3rd over - 0 runs, 0 hits, 0 errors, 0 left on base; York 4 - Windy City 3 |
TOP OF THE 4TH |
York Revolution batting - Pitching for Windy City ThunderBolts : RHP Chang-wei Quian
|
Batting: LHB Quincy Smart
|
0-0: Called Strike 0-1: Foul Ball, location: 2F 0-2: Ball 1-2: Strikes out swinging
|
Batting: RHB Jose Hurtado
|
0-0: Swinging Strike 0-1: Foul Ball, location: 2F 0-2: Foul Ball, location: 2F 0-2: Strikes out swinging
|
Batting: RHB Eddie Serna
|
0-0: Ball 1-0: Called Strike 1-1: Foul Ball, location: 2F 1-2: Foul Ball, location: 2F 1-2: Ball 2-2: Fly out, F8 (Flyball, 8LD, EV 106.2 MPH)
|
Top of the 4th over - 0 runs, 0 hits, 0 errors, 0 left on base; York 4 - Windy City 3 |
BOTTOM OF THE 4TH |
Windy City ThunderBolts batting - Pitching for York Revolution : RHP Jordan Lopez
|
Batting: RHB Paul Holland
|
0-0: Foul Ball, location: 2F 0-1: Foul Ball, location: 2F 0-2: Strikes out swinging
|
Batting: RHB Ricky Avila
|
0-0: Ground out 5-3 (Groundball, 56, EV 80.6 MPH)
|
Batting: RHB Klaus Brown
|
0-0: Ball 1-0: Ball 2-0: Called Strike 2-1: Fly out, F5 (Popup, 5SF, EV 74.4 MPH)
|
Bottom of the 4th over - 0 runs, 0 hits, 0 errors, 0 left on base; York 4 - Windy City 3 |
TOP OF THE 5TH |
York Revolution batting - Pitching for Windy City ThunderBolts : RHP Chang-wei Quian
|
Batting: LHB Dennis French
|
0-0: Called Strike 0-1: Foul Ball, location: 2F 0-2: Ball 1-2: Ball 2-2: Fly out, F8 (Flyball, 78D, EV 98.8 MPH)
|
Batting: LHB Mike Hawk
|
0-0: Fly out, F7 (Flyball, 7, EV 84.4 MPH)
|
Batting: LHB Jean-Claude Vanbiesbrouck
|
0-0: Foul Ball, location: 2F 0-1: Foul Ball, location: 2F 0-2: Ball 1-2: Foul Ball, location: 2F 1-2: Ground out 6-3 (Groundball, 6, EV 89.4 MPH)
|
Top of the 5th over - 0 runs, 0 hits, 0 errors, 0 left on base; York 4 - Windy City 3 |
BOTTOM OF THE 5TH |
Windy City ThunderBolts batting - Pitching for York Revolution : RHP Jordan Lopez
|
Batting: RHB Sim Damit
|
0-0: Ball 1-0: Ball 2-0: Called Strike 2-1: Fly out, F8 (Flyball, 8RM, EV 86.9 MPH)
|
Batting: RHB Miguel Pacheco
|
0-0: SINGLE (Line Drive, 34D, EV 100.0 MPH)
|
Batting: RHB Eddie Dimas
|
0-0: Swinging Strike 0-1: Ball 1-1: Swinging Strike 1-2: Strikes out swinging
|
Batting: SHB Danny Gallegos
|
0-0: Called Strike 0-1: Ball 1-1: Swinging Strike 1-2: Ball 2-2: Ball 3-2: Strikes out swinging
|
Bottom of the 5th over - 0 runs, 1 hit, 0 errors, 1 left on base; York 4 - Windy City 3 |
TOP OF THE 6TH |
York Revolution batting - Pitching for Windy City ThunderBolts : RHP Chang-wei Quian
|
Batting: LHB Jason Duda
|
0-0: Called Strike 0-1: Ball 1-1: Ball 2-1: Foul Ball, location: 2F 2-2: Foul Ball, location: 2F 2-2: Foul Ball, location: 2F 2-2: Ground out 4-3 (Groundball, 34D, EV 95.6 MPH)
|
Batting: LHB Ryan Young
|
0-0: Called Strike 0-1: Swinging Strike 0-2: Ball 1-2: Ball 2-2: Ground out 6-3 (Groundball, 6MS, EV 91.2 MPH)
|
Batting: RHB Dan Shaffer
|
0-0: Called Strike 0-1: Swinging Strike 0-2: Ball 1-2: Foul Ball, location: 2F 1-2: Ball 2-2: Ball 3-2: Base on Balls
|
Pitching: LHP Tony Jaime
|
|
Batting: LHB Quincy Smart
|
0-0: Ball 1-0: Ball 2-0: Foul Ball, location: 2F 2-1: Ball 3-1: SINGLE (Line Drive, 7S, EV 108.8 MPH) Dan Shaffer to second
|
Batting: RHB Jose Hurtado
|
0-0: Foul Ball, location: 2F 0-1: Ball 1-1: Ball 2-1: Foul Ball, location: 2F 2-2: Strikes out swinging
|
Top of the 6th over - 0 runs, 1 hit, 0 errors, 2 left on base; York 4 - Windy City 3 |
BOTTOM OF THE 6TH |
Windy City ThunderBolts batting - Pitching for York Revolution : RHP Jordan Lopez
|
Batting: RHB Kaoru Hamada
|
0-0: Swinging Strike 0-1: Ball 1-1: Ball 2-1: Swinging Strike 2-2: Ball 3-2: Strikes out swinging
|
Batting: RHB Nhat Phong
|
0-0: SOLO HOME RUN (Line Drive, 7D, EV 104.4 MPH), Distance : 417 ft
|
Batting: RHB Paul Holland
|
0-0: Ball 1-0: Ground out 6-3 (Groundball, 6, EV 88.8 MPH)
|
Batting: RHB Ricky Avila
|
0-0: Called Strike 0-1: Swinging Strike 0-2: Foul Ball, location: 2F 0-2: Ball 1-2: Foul Ball, location: 2F 1-2: Ball 2-2: Ball 3-2: Base on Balls
|
Pitching: RHP George Crousse
|
|
Batting: RHB Klaus Brown
|
0-0: Ball 1-0: Called Strike 1-1: Fly out, F7 (Flyball, 7D, EV 106.9 MPH)
|
Bottom of the 6th over - 1 run, 1 hit, 0 errors, 1 left on base; York 4 - Windy City 4 |
TOP OF THE 7TH |
York Revolution batting - Pitching for Windy City ThunderBolts : LHP Tony Jaime
|
Batting: RHB Eddie Serna
|
0-0: Ball 1-0: Fly out, F7 (Flyball, 7LD, EV 93.8 MPH)
|
Batting: LHB Dennis French
|
0-0: Ball 1-0: Foul Ball, location: 2F 1-1: Called Strike 1-2: DOUBLE (Flyball, 8LXD, EV 109.4 MPH)
|
Batting: LHB Mike Hawk
|
0-0: Called Strike 0-1: Ball 1-1: Called Strike 1-2: Ground out 4-3 (Groundball, 4, EV 99.4 MPH) Dennis French to third
|
Batting: LHB Jean-Claude Vanbiesbrouck
|
0-0: Called Strike 0-1: Foul Ball, location: 2F 0-2: Ball 1-2: Foul Ball, location: 2F 1-2: Ball 2-2: Ball 3-2: Foul Ball, location: 2F 3-2: Strikes out looking
|
Top of the 7th over - 0 runs, 1 hit, 0 errors, 1 left on base; York 4 - Windy City 4 |
BOTTOM OF THE 7TH |
Windy City ThunderBolts batting - Pitching for York Revolution : RHP George Crousse
|
Batting: RHB Sim Damit
|
0-0: Foul Ball, location: 2F 0-1: Ball 1-1: Ball 2-1: Ball 3-1: Base on Balls
|
Batting: RHB Miguel Pacheco
|
0-0: Ball 1-0: Called Strike 1-1: 2-RUN HOME RUN (Flyball, 7D, EV 100.6 MPH), Distance : 382 ft
|
Batting: RHB Eddie Dimas
|
0-0: Ball 1-0: Ball 2-0: Foul Ball, location: 2F 2-1: Ground out 5-3 (Groundball, 5, EV 91.2 MPH)
|
Batting: SHB Danny Gallegos
|
0-0: Called Strike 0-1: Ground out 4-3 (Groundball, 4, EV 83.8 MPH)
|
Batting: RHB Kaoru Hamada
|
0-0: Called Strike 0-1: Foul Ball, location: 2F 0-2: Ball 1-2: Strikes out swinging
|
Bottom of the 7th over - 2 runs, 1 hit, 0 errors, 0 left on base; York 4 - Windy City 6 |
TOP OF THE 8TH |
York Revolution batting - Pitching for Windy City ThunderBolts : LHP Tony Jaime
|
Pitching: LHP Keith O'Brien
|
|
Batting: LHB Jason Duda
|
0-0: Foul Ball, location: 2F 0-1: Foul Ball, location: 2F 0-2: Ball 1-2: Ball 2-2: Foul Ball, location: 2F 2-2: Foul Ball, location: 2F 2-2: Ball 3-2: Fly out, F7 (Flyball, 78S, EV 97.5 MPH)
|
Batting: LHB Ryan Young
|
0-0: Swinging Strike 0-1: Foul Ball, location: 2F 0-2: Ball 1-2: Foul Ball, location: 2F 1-2: Ball 2-2: Ball 3-2: SINGLE (Line Drive, 7S, EV 103.1 MPH)
|
Pinch Hitting: RHB Nick Maxwell
|
0-0: Ball 1-0: Ball 2-0: Grounds into double play, 6-4-3 (Groundball, 6, EV 88.1 MPH)
|
Top of the 8th over - 0 runs, 1 hit, 0 errors, 0 left on base; York 4 - Windy City 6 |
BOTTOM OF THE 8TH |
Windy City ThunderBolts batting - Pitching for York Revolution : RHP George Crousse
|
Now in LF: Mike Hawk
|
|
Now in CF: Frank Ramirez
|
|
Batting: RHB Nhat Phong
|
0-0: Ball 1-0: Called Strike 1-1: Ball 2-1: Swinging Strike 2-2: Foul Ball, location: 2F 2-2: Fly out, F8 (Flyball, 78M, EV 88.1 MPH)
|
Pinch Hitting: RHB Donovan Deason
|
0-0: Ball 1-0: Ground out 6-3 (Groundball, 6, EV 97.5 MPH)
|
Batting: RHB Ricky Avila
|
0-0: Called Strike 0-1: Ball 1-1: Swinging Strike 1-2: SINGLE (Line Drive, 89S, EV 100.6 MPH)
|
Pitching: RHP Danny Dean
|
|
Batting: RHB Klaus Brown
|
0-0: Ball 1-0: Swinging Strike 1-1: Ball 2-1: Foul Ball, location: 2F 2-2: Strikes out looking
|
Bottom of the 8th over - 0 runs, 1 hit, 0 errors, 1 left on base; York 4 - Windy City 6 |
TOP OF THE 9TH |
York Revolution batting - Pitching for Windy City ThunderBolts : LHP Keith O'Brien
|
Pitching: LHP Dave Fairn
|
|
Now at 1B: Donovan Deason
|
|
Pinch Hitting: RHB Dan Doggett
|
0-0: Ball 1-0: Ball 2-0: Ball 3-0: Base on Balls
|
Pinch Hitting: SHB Sam Fredrick
|
0-0: Ball 1-0: Ball 2-0: Ball 3-0: Called Strike 3-1: Base on Balls Dan Doggett to second
|
Pinch Runner at 2nd Bryant Dill:
|
|
Batting: RHB Eddie Serna
|
0-0: Ball 1-0: Called Strike 1-1: Foul Ball, location: 2F 1-2: Foul Ball, location: 2F 1-2: Ball 2-2: Ball 3-2: Fly out, F7 (Line Drive, 7LS, EV 90.6 MPH)
|
Batting: LHB Dennis French
|
0-0: Ball 1-0: Called Strike 1-1: Ball 2-1: Swinging Strike 2-2: Ball 3-2: Foul Ball, location: 2F 3-2: Grounds into double play, 3-6-3 (Groundball, 34, EV 81.9 MPH)
|
Top of the 9th over - 0 runs, 0 hits, 0 errors, 1 left on base; York 4 - Windy City 6 |
|